 Dungeon Crawl Stone Soup version 0.27-a0-1579-g97d2440184 (webtiles) character file.

Game seed: 10944013780812352094

9070 avis the Grappler (level 11, 0/86 HPs)
             Began as an Octopode Transmuter on July 18, 2021.
             Was an Initiate of Gozag.
             Slain by an eight-headed hydra (12 damage)
             ... on level 10 of the Dungeon.
             The game lasted 01:17:25 (12531 turns).

avis the Grappler (Octopode Transmuter)            Turns: 12531, Time: 01:17:27

Health: 0/86       AC: 11    Str: 20    XL:     11   Next: 40%
Magic:  13/14      EV: 12    Int: 19    God:    Gozag
Gold:   443        SH:  0    Dex: 18    Spells: 3/14 levels left

rFire    x . .     SeeInvis .     - Unarmed
rCold    + + +     Faith    .   (shield currently unavailable)
rNeg     + . .     Spirit   .   (helmet currently unavailable)
rPois    +         Reflect  .   (no amulet)
rElec    .         Harm     .   d - +4 ring of protection
rCorr    .         Rampage  .   u - ring "Xyfobb" {Drain rC+ rN+ Str+6 Int+4}
Will     .....                  B - +6 ring of dexterity
Stlth    ++........             (no ring)
HPRegen  0.24/turn              (no ring)
MPRegen  0.14/turn              (no ring)
                                (no ring)
                                (no ring)

@: ice-form, studying Earth Magic
A: freezing attack, boosted hp, almost no armour, amphibious, 8 rings, large,
(camouflage 1), (gelatinous body 1), (nimble swimmer 1), (tentacles)
a: End Transformation, Renounce Religion, Potion Petition, Call Merchant, Bribe
Branch


You were on level 10 of the Dungeon.
You worshipped Gozag.
Gozag was aware of your devotion.
You were a creature of crystalline ice.
You visited 2 branches of the dungeon, and saw 11 of its levels.

You collected 1689 gold pieces.
You spent 1172 gold pieces at shops.
You paid 74 gold pieces to Gozag.

Inventory:

Hand Weapons
 b - a +6 hand crossbow of freezing (melded)
Missiles
 c - a throwing net
 p - 10 arrows
 y - 58 bolts
 P - 5 poisoned darts
 Q - a curare-tipped dart
Armour
 j - a +0 buckler (melded)
 l - a +1 hat
 H - a +1 hat (melded)
Jewellery
 d - a +4 ring of protection (left front paw)
 u - the ring "Xyfobb" (right front paw) {Drain rC+ rN+ Str+6 Int+4}
   (You found it on level 4 of the Dungeon)

   [ring of strength]

   Str:       It affects your strength (+6).
   Int:       It affects your intelligence (+4).
   rC:        It protects you from cold.
   rN:        It protects you from negative energy.
   Drain:     It drains your maximum health when unequipped.
 B - a +6 ring of dexterity (on tentacle)
Wands
 k - a wand of mindburst (13)
 x - a wand of polymorph (12)
 z - a wand of iceblast (5)
Scrolls
 h - a scroll of brand weapon {unknown}
 m - 2 scrolls of enchant armour {unknown}
 n - a scroll of teleportation {unknown}
 t - 3 scrolls of holy word {unknown}
 v - 2 scrolls of fear {unknown}
 A - 3 scrolls of enchant weapon {unknown}
 D - a scroll of blinking {unknown}
 E - 2 scrolls of vulnerability {unknown}
 F - a scroll of torment {unknown}
Potions
 a - a potion of brilliance
 e - 2 potions of attraction
 f - 2 potions of magic
 g - 2 potions of flight
 i - 3 potions of heal wounds
 o - a potion of cancellation {unknown}
 r - a potion of invisibility
 s - 2 potions of haste
 w - a potion of resistance
 C - 5 potions of curing
 K - a potion of mutation {unknown}
 O - a potion of might


   Skills:
 - Level 6.0 Fighting
 - Level 5.0 Dodging
 - Level 3.0 Stealth
 - Level 4.0 Shields
 * Level 12.2 Unarmed Combat
 - Level 2.0 Spellcasting
 - Level 8.0 Transmutations
 - Level 4.0 Ice Magic
 - Level 2.0 Poison Magic


You had 3 spell levels left.
You knew the following spells:

 Your Spells              Type           Power      Damage    Failure   Level
a - Beastly Appendage     Tmut           64%        N/A       1%          1
o - Ozocubu's Armour      Ice            17%        N/A       10%         3
p - Spider Form           Tmut/Pois      10%        N/A       6%          3
q - Ice Form              Ice/Tmut       24%        N/A       14%         4

Your spell library contained the following spells:

 Spells                   Type           Power      Damage    Failure   Level
 Wereblood                Tmut           32%        N/A       1%          2
 Sting                    Tmut/Pois      80%        1d7       2%          1
 Animate Skeleton         Necr           2%         N/A       17%         1
 Apportation              Tloc           2%         N/A       17%         1
 Corona                   Hex            1%         N/A       17%         1
 Shock                    Conj/Air       4%         1d3       17%         1
 Summon Small Mammal      Summ           4%         N/A       17%         1
 Poisonous Vapours        Pois/Air       10%        N/A       17%         2
 Inner Flame              Hex/Fire       1%         N/A       45%         3
 Swiftness                Air            1%         N/A       45%         3
 Alistair's Intoxication  Tmut/Pois      13%        N/A       52%         5
 Olgreb's Toxic Radiance  Pois           9%         N/A       58%         4
 Airstrike                Air            0%         N/A       86%         4
 Metabolic Englaciation   Hex/Ice        4%         N/A       90%         5
 Eringya's Noxious Bog    Tmut/Pois      10%        N/A       97%         6
 Borgnjor's Vile Clutch   Necr/Erth      0%         N/A       99%         5
 Lee's Rapid Deconstruct  Erth           0%         3d5*      99%         5
 Simulacrum               Ice/Necr       4%         N/A       100%        6
 Starburst                Conj/Fire      0%         8x6d3     100%        6


Dungeon Overview and Level Annotations

Branches:
Dungeon (10/15)            Temple (1/1) D:4
   Lair: D:8-11         Orc: D:9-12

Altars:
Gozag
Makhleb
Trog
Xom
The Shining One

Shops:
D:3 [   D:4 *   D:6 :   D:7 *

Annotations:
D:1 Glass case with yummy treasure


Innate Abilities, Weirdness & Mutations

You are a creature of crystalline ice.
You have a powerful freezing melee attack.
Your maximum health is increased.
Your armour is entirely melded.
You are incapable of wielding weapons or throwing items.
You cannot wear most types of armour.
You are amphibious.
You can wear up to eight rings at the same time.
((Your skin changes colour to match your surroundings (Stealth+).))
((Your rubbery body absorbs attacks. (AC +1, EV +1)))
((You are camouflaged near water. (Stealth+)))
((You have tentacles for arms and can constrict up to eight enemies at once.))


Message History

Confirm with . or Enter, or press ? or * to list all spells.
You miscast Ice Form.
You are very lightly contaminated with residual magic.
Nothing appears to happen.
You start resting.
Your magical contamination has completely faded away.
You start resting.
Magic restored.
Casting: Ice Form (dangerous; 14% risk of failure)
Confirm with . or Enter, or press ? or * to list all spells.
You turn into a creature of crystalline ice.
Your +6 hand crossbow of freezing melds into your body.
Your +1 hat melds into your body.
Your +0 buckler melds into your body.
Your +6 hand crossbow of freezing stops glowing.
You climb downwards.
There is a stone staircase leading up here.
There is an open door here.
Something unseen opens the door.
Found a chain mail, a stone and Ozocubu's Autobiography.
The eight-headed hydra roars!
The centaur warrior shouts!
The cyclops shouts!
The centaur warrior unwields a +0 dagger.
The centaur warrior wields a +0 longbow.
The centaur warrior shoots an arrow.
The arrow hits you!
The cyclops throws a large rock.
The large rock hits you!!!
The wizard shouts!
The centaur warrior shoots an arrow.
The arrow hits you.
A deep elf pyromancer comes into view.
It is wielding a +0 short sword and carrying a wand of iceblast (7).
The deep elf pyromancer shouts!
You punch the eight-headed hydra! You freeze the eight-headed hydra.
The eight-headed hydra is moderately wounded.
The eight-headed hydra bites you. The eight-headed hydra bites you!
* * * LOW HITPOINT WARNING * * *
The eight-headed hydra bites you.
* * * LOW HITPOINT WARNING * * *
The eight-headed hydra closely misses you.
The eight-headed hydra bites you.
* * * LOW HITPOINT WARNING * * *
The eight-headed hydra bites you!
You die...
Your body crumbles into a pile of gold.

#..## ##.... ###..#.# #...##
#....$##...##.. #....## #
####.##....## #.....###+####!
#([?##.##...#
######....#.#.##c.[..##.#...#
#....#.#.#...(...#.#.<.#
###..#.'.....# $ ##'...##
#..#.#D#......[#.#..>..
#....#Y##CBp..##.#.####
#.#..##.##(:.##.##.#
#.#...##.#####.##..#
#.###..##.....##..## #.#
##..###e###....## #.#
#..............# #.#
#...##............ #.#
#...#####.....##.#
###.####...# #.....##.#


You could see an eight-headed hydra, a centaur warrior and a deep elf
pyromancer.

Vanquished Creatures
  Gastronok (D:10)
  A hydra (D:9)
  A boulder beetle (D:9)
  Nergalle (D:10)
  A gargoyle (D:9)
  A wyvern (D:10)
  6 yaks (D:9)
  3 vampire mosquitoes (D:10)
  A steam dragon (D:7)
  Duvessa (D:7)
  2 black bears (D:7)
  A boggart (D:9)
  A hornet zombie (D:7)
  3 ice beasts
  2 necrophages
  2 ogres
  7 centaurs
  A kobold brigand (D:9)
  2 bullfrogs
  3 scorpions
  Dowan (D:7)
  A wyvern zombie (D:9)
  A water moccasin zombie (D:5)
  A wyvern skeleton (D:6)
  11 killer bees
  5 wights (D:9)
  4 howler monkeys
  4 centaur zombies
  2 jellies
  2 hounds (D:6)
  An orc priest (D:2)
  3 iguanas
  Jessica (D:2)
  5 orc wizards
  A hound skeleton (D:4)
  A howler monkey zombie (D:9)
  3 adders
  2 white imps
  An ufetubus (D:6)
  2 adder skeletons (D:4)
  3 worms (D:4)
  5 dart slugs
  14 orcs
  4 bats
  6 endoplasms
  A giant cockroach (D:2)
  5 hobgoblins
  6 jackals
  2 quokkas
  7 ball pythons
  4 frilled lizards
  14 goblins
  17 kobolds
  8 rats
189 creatures vanquished.

Vanquished Creatures (others)
  5 dream sheep (D:6)
5 creatures vanquished.

Grand Total: 194 creatures vanquished

Notes
Turn   | Place    | Note
-------+----------+-------------------------------------------
     0 | D:1      | avis the Octopode Transmuter began the quest for the Orb.
     0 | D:1      | Reached XP level 1. HP: 13/13 MP: 3/3
   131 | D:1      | Reached skill level 1 in Stealth
   495 | D:1      | Reached XP level 2. HP: 9/18 MP: 3/5
   896 | D:1      | Reached skill level 1 in Poison Magic
   899 | D:1      | Reached XP level 3. HP: 24/24 MP: 4/6
   911 | D:1      | Learned a level 3 spell: Spider Form
  1346 | D:2      | Noticed Jessica
  1352 | D:2      | Killed Jessica
  1353 | D:2      | Reached XP level 4. HP: 29/29 MP: 3/7
  1566 | D:2      | Reached skill level 4 in Unarmed Combat
  1932 | D:2      | Reached skill level 1 in Shields
  1963 | D:2      | Reached XP level 5. HP: 11/34 MP: 1/8
  3081 | D:3      | Found an opulent altar of Gozag.
  3107 | D:3      | Became a worshipper of Gozag Ym Sagoz the Greedy
  3343 | D:3      | Found Ypliad's Armour Emporium.
  3813 | D:4      | Identified the ring "Xyfobb" {Drain rC+ rN+ Str+6 Int+4}
  3907 | D:4      | Reached XP level 6. HP: 39/39 MP: 2/9
  4028 | D:4      | Found a staircase to the Ecumenical Temple.
  4185 | D:4      | Found Tesieqadgh's General Store.
  4194 | D:4      | Bought a potion of curing for 42 gold pieces
  4194 | D:4      | Bought a scroll of identify for 28 gold pieces
  4325 | Temple   | Entered the Ecumenical Temple
  4353 | D:5      | Entered Level 5 of the Dungeon
  4659 | D:5      | Reached skill level 5 in Unarmed Combat
  4660 | D:5      | Got the Incunabulum of the Volcanoes and Earth
  4704 | D:5      | Reached XP level 7. HP: 44/46 MP: 8/10
  4824 | D:5      | Reached skill level 6 in Unarmed Combat
  4844 | D:5      | Learned a level 4 spell: Ice Form
  5516 | D:4      | Bought a +1 hat for 154 gold pieces
  5807 | D:6      | Reached XP level 8. HP: 52/52 MP: 8/11
  5855 | D:6      | Reached skill level 7 in Unarmed Combat
  5855 | D:6      | Reached skill level 1 in Ice Magic
  6191 | D:6      | Noticed a dream sheep
  6191 | D:6      | Noticed a dream sheep
  6191 | D:6      | Noticed a dream sheep
  6191 | D:6      | Noticed a dream sheep
  6191 | D:6      | Noticed a dream sheep
  6191 | D:6      | Found a shimmering altar of Xom.
  6195 | D:6      | Killed a dream sheep
  6196 | D:6      | Killed a dream sheep
  6196 | D:6      | Killed a dream sheep
  6196 | D:6      | Killed a dream sheep
  6197 | D:6      | Killed a dream sheep
  6583 | D:6      | Found Darghyogh's Book Boutique.
  6890 | D:7      | Noticed Duvessa
  6896 | D:7      | Noticed Dowan
  6907 | D:7      | Killed Duvessa
  6910 | D:7      | Reached skill level 8 in Unarmed Combat
  6910 | D:7      | Reached XP level 9. HP: 53/57 MP: 9/12
  6917 | D:7      | Killed Dowan
  6936 | D:7      | Found Gedghur's General Store.
  6951 | D:7      | Bought a scroll of magic mapping for 38 gold pieces
  6954 | D:7      | Found a bloodstained altar of Trog.
  7781 | D:7      | Found a glowing golden altar of the Shining One.
  7784 | D:7      | Found a burning altar of Makhleb.
  8015 | D:4      | Bought a +6 hand crossbow of freezing for 536 gold pieces
  8159 | D:8      | Reached skill level 9 in Unarmed Combat
  8230 | D:7      | Reached skill level 5 in Fighting
  9642 | D:9      | Found a flagged portal.
  9729 | D:9      | Noticed a boulder beetle
  9789 | D:9      | Killed a boulder beetle
  9790 | D:9      | Reached skill level 5 in Dodging
  9790 | D:9      | Reached skill level 10 in Unarmed Combat
  9790 | D:9      | Reached XP level 10. HP: 59/66 MP: 11/13
  9894 | D:9      | Noticed a gargoyle
  9903 | D:9      | Killed a gargoyle
  9904 | D:9      | Reached skill level 5 in Transmutations
 10190 | D:9      | Reached skill level 11 in Unarmed Combat
 11225 | D:6      | Bought a book of Winter for 374 gold pieces
 11229 | D:6      | Learned a level 3 spell: Ozocubu's Armour
 11462 | D:10     | Entered Level 10 of the Dungeon
 11705 | D:10     | Noticed Gastronok
 11721 | D:10     | Killed Gastronok
 11722 | D:10     | Reached skill level 12 in Unarmed Combat
 11722 | D:10     | Reached XP level 11. HP: 53/72 MP: 11/14
 11986 | D:10     | Noticed Nergalle
 12005 | D:10     | Killed Nergalle
 12116 | D:10     | Noticed a five-headed hydra
 12116 | D:10     | Noticed a centaur warrior
 12116 | D:10     | Noticed an eight-headed hydra
 12116 | D:10     | Noticed a cyclops
 12116 | D:10     | Noticed a boulder beetle
 12116 | D:10     | Noticed a wizard
 12198 | D:10     | Noticed a two-headed ogre
 12230 | D:9      | Killed a five-headed hydra
 12530 | D:10     | Noticed a deep elf pyromancer
 12531 | D:10     | Slain by an eight-headed hydra

Illustrated notes

Levels and vault maps discovered:
D:1:      dpeg_arrival_signposts, layout_loops_ring, due_unseen_surprise
D:2:      cheibrodos_pilgrimage, layout_basic, uniq_jessica
D:3:      layout_loops_ring, nicolae_gozag_seed_capital, serial_shops, shop,
          hangedman_abyss_or_decor_lesser_grid
D:4:      kennysheep_six_static_rooms, layout_rooms, temple_statues,
          serial_shops, shop
D:5:      layout_layer_cave
D:6:      layout_gridville, kb_xom_exploding_sheep, serial_shops,
          kennysheep_little_box
D:7:      layout_basic, nicolae_overflow_hidden_temple, trog_ov_bears_minmay,
          serial_shops, shop, uniq_duvessa
D:8:      layout_layer_cave
D:9:      layout_irregular_city, enter_bailey_5
D:10:     minmay_the_grid_octo_triangle [minmay_the_grid_octo_fat_diamond,
          minmay_the_grid_octo_prize_big_c, minmay_the_grid_octo_empty],
          layout_rooms, uniq_psyche, uniq_nergalle, uniq_gastronok
Temple:   bh_familiar_temple

Skill      XL: |  1  2  3  4  5  6  7  8  9 10 11 |
---------------+----------------------------------+-----
Stealth        | 2 3 |  3.0
Fighting       | 2 3 5 6 |  6.0
Poison Magic   | 1 2 |  2.0
Unarmed Combat | 4 5 6 8 10 12 | 12.2
Shields        | 2 3 4 |  4.0
Transmutations | 3 4 7 8 |  8.0
Ice Magic      | 4 |  4.0
Dodging        | 5 |  5.0
Spellcasting   | |  2.0

Action                   |  1- 3 |  4- 6 |  7- 9 | 10-12 || total
-------------------------+-------+-------+-------+-------++-------
Melee: Unarmed           |    59 |    70 |   149 |   106 ||   384
       Constrict         |    16 |     4 |     2 |       ||    22
       Kick              |     9 |     6 |     4 |       ||    19
       Tentacles         |     6 |     3 |     5 |       ||    14
       Punch             |     2 |       |       |       ||     2
       Hunting sling     |       |     3 |       |       ||     3
       Short sword       |       |     2 |    12 |       ||    14
 Fire: Hunting sling     |       |    75 |    41 |       ||   116
       Hand crossbow     |       |       |    18 |    56 ||    74
 Cast: Beastly Appendage |    20 |     9 |     3 |       ||    32
       Spider Form       |     1 |    16 |    20 |    13 ||    50
       Ice Form          |       |       |     1 |     5 ||     6
 Abil: End Transformatio |       |       |     1 |       ||     1
  Use: Potion            |       |     3 |     1 |       ||     4
       Scroll            |       |     2 |     6 |     1 ||     9
 Stab: Sleeping          |     9 |     3 |     3 |     2 ||    17
       Distracted        |     1 |     2 |       |     2 ||     5
Armor: Skin              |     9 |    15 |    31 |    13 ||    68
Dodge: Dodged            |    30 |    44 |   158 |   107 ||   339
Block: Buckler           |       |     1 |    10 |     2 ||    13

Table legend: (Time is in decaauts)
 A = Elapsed time spent in this place.
 B = Non-inter-level travel time spent in this place.
 C = Inter-level travel time spent in this place.
 D = Time resting spent in this place.
 E = Time spent auto-exploring this place.
 F = Levels seen in this place.
 G = Mean time per level.
                   A        B        C        D        E       F      G
               +--------+--------+--------+--------+--------+-----+--------+
         Total |  12573 |  10987 |   1586 |   1766 |   5646 |  11 | 1143.0 |
       Dungeon |  12532 |  10949 |   1583 |   1766 |   5646 |  10 | 1253.2 |
        Temple |     41 |     38 |      3 |      0 |      0 |   1 |   41.0 |
               +--------+--------+--------+--------+--------+-----+--------+

Top non-repeatable levels by time:
     D:9: 1919 daAuts
     D:1: 1553 daAuts
     D:8: 1467 daAuts
     D:7: 1412 daAuts
     D:6: 1284 daAuts
     D:5: 1274 daAuts
     D:2: 1273 daAuts
     D:4: 925 daAuts
     D:3: 810 daAuts
    D:10: 610 daAuts
  Temple: 41 daAuts
